 Dungeon Crawl Stone Soup version 0.31-a0-188-g5e087ee2ca (webtiles) character file.

Game seed: 13395639744817096840

84 qw the Shooter (level 4, -9/25 HPs)
             Began as a Deep Elf Hunter on June 23, 2023.
             Mangled by Sigmund
             ... wielding a +5 scythe of holy wrath
              (12 damage)
             ... on level 2 of the Dungeon.
             The game lasted 00:00:27 (1279 turns).

qw the Shooter (Deep Elf Hunter)                    Turns: 1279, Time: 00:00:27

Health: -9/25      AC:  3    Str: 10    XL:     4   Next: 23%
Magic:  6/6        EV: 12    Int: 14    God:
Gold:   61         SH:  0    Dex: 18    Spells: 3/3 levels left

rFire   . . .        Y - +0 shortbow
rCold   . . .        (shield currently unavailable)
rNeg    . . .        c - +0 leather armour
rPois   .            (no helmet)
rElec   .            (no cloak)
rCorr   .            (no gloves)
SInv    .            (no boots)
Will    .....        h - amulet of regeneration
Stlth   ++           (no ring)
HPRegen 1.04/turn    (no ring)
MPRegen 0.10/turn

%: no passive effects
@: no status effects
A: no striking features
a: no special abilities


You were on level 2 of the Dungeon.
You visited 1 branch of the dungeon, and saw 2 of its levels.

You collected 61 gold pieces.


   Skills:
 - Level 1.5 Fighting
 + Level 7.6 Ranged Weapons
 - Level 2.4 Dodging
 - Level 1.2 Stealth


You had 3 spell levels left.
You didn't know any spells.
Your spell library was empty.

Inventory:

Hand Weapons
 Y - a +0 shortbow (weapon)
Armour
 c - a +0 leather armour (worn)
 f - a +0 scale mail
Jewellery
 h - an amulet of regeneration (around neck)
Scrolls
 a - a scroll of revelation {unknown}
 b - 2 scrolls of fear {unknown}
 d - 2 scrolls of identify {unknown}
 i - a scroll of noise {unknown}
Potions
 e - 2 potions of heal wounds {unknown}
 g - a potion of mutation {unknown}
 j - a potion of ambrosia {unknown}
 k - 2 potions of invisibility {unknown}

Dungeon Overview and Level Annotations

Branches:
Dungeon (2/15)

Altars:
Xom

Shops:
D:1 :

Annotations:
D:2 Sigmund


Message History

Enter note:
Enter note: You shoot an arrow.
The arrow hits Sigmund.
Sigmund shouts!
Sigmund is lightly wounded.
Sigmund points at you and mumbles some strange words.
You resist with some effort.
You shoot an arrow. The arrow closely misses Sigmund.
Sigmund mumbles some strange words.
Sigmund flickers and vanishes!
Deactivating autopickup; reactivate with Ctrl-A.
You shoot an arrow. You shoot an arrow.
You hear some strange, mumbled words.
Something tries to affect you, but you resist.
You shoot an arrow.
You hear a shout!
A hobgoblin comes into view.
You hear some strange, mumbled words.
Something tries to affect you, but you resist.
You shoot an arrow. The arrow barely misses the hobgoblin.
Something barely misses you.
You shoot an arrow. The arrow hits the hobgoblin!
You kill the hobgoblin!
You shoot an arrow. Something hits you!
You shoot an arrow. Something barely misses you.
You shoot an arrow. You shoot an arrow. Something hits you!
You shoot an arrow.
You hear some strange, mumbled words.
A puff of flame appears from out of thin air!
The puff of flame hits you!
You shoot an arrow. Something hits you.
You shoot an arrow. Something hits you!
You die...

#..#########<##.##.###
#.........##.##.##...##
#.#######.##.##.###...#
#.# #.##.##........ #.#
#.##.######...# #.#
#.##.# ##.##
#.#######.##.#######.##
#.#.......##....<......
#.....@#############.##
#.......{..# #.#
##....%.##.# #.#
##...#.. #.# ##.# ...
#.# .. .._. #)# ...
..... #.# #... ......
#.# #.#


There were no monsters in sight!

Vanquished Creatures
  An adder (D:2)
  4 gnolls (D:2)
  A worm (D:2)
  5 ball pythons
  4 bats
  3 endoplasms
  2 giant cockroaches (D:2)
  A goblin (D:1)
  2 hobgoblins (D:2)
  2 kobolds (D:2)
  2 quokkas (D:2)
  4 frilled lizards
  A rat (D:1)
32 creatures vanquished.

Notes
Turn   | Place    | Note
-------+----------+-------------------------------------------
     0 | D:1      | qw the Deep Elf Hunter began the quest for the Orb.
     0 | D:1      | Reached XP level 1. HP: 12/12 MP: 3/3
     0 | D:1      | 0 ||| qw: Version: 0.3-a-9-g12657ce
     0 | D:1      | 0 ||| qw: Game counter: 4049
     0 | D:1      | 0 ||| qw: Always use a shield: true
     0 | D:1      | 0 ||| qw: God list: Okawaru
     0 | D:1      | 0 ||| qw: Allow faded altars: false
     0 | D:1      | 0 ||| qw: Do Orc after D:15 true
     0 | D:1      | 0 ||| qw: Do second Lair branch before Depths: true
     0 | D:1      | 0 ||| qw: Lair rune preference: random
     0 | D:1      | 0 ||| qw: Plans: Normal
     0 | D:1      | 0 ||| PLANNING D:1-11
   244 | D:1      | Found Buwi's Vocational Training.
   447 | D:1      | Reached skill level 6 in Ranged Weapons
   447 | D:1      | Reached XP level 2. HP: 16/16 MP: 4/4
   623 | D:1      | 623 ||| UPGRADING to amulet of regeneration.
   628 | D:1      | 628 ||| READING scroll labelled VUKHIA TYIRPHA.
   635 | D:1      | 635 ||| READING scroll labelled WOEFETHR MISS.
   638 | D:1      | 638 ||| READING scroll labelled XIS ODOZXAC.
   639 | D:1      | 639 ||| READING scroll labelled SIOMNI DIMM.
   740 | D:1      | 740 ||| DROPPING scroll of butterflies.
   858 | D:2      | Reached XP level 3. HP: 16/20 MP: 5/5
   858 | D:2      | 858 ||| FLEEEEING.
   859 | D:2      | 859 ||| FLEEEEING.
   860 | D:2      | 860 ||| FLEEEEING.
   907 | D:2      | Reached skill level 7 in Ranged Weapons
  1065 | D:2      | Reached XP level 4. HP: 25/25 MP: 6/6
  1264 | D:2      | Found a shimmering altar of Xom.
  1265 | D:2      | Noticed Sigmund
  1277 | D:2      | HP: 3/25 [something/puff of flame (9)]
  1279 | D:2      | Mangled by Sigmund

Levels and vault maps discovered:
D:1:      evilmike_arrival_rings, layout_loops_cross, corexii_leaking_fountain,
          hangedman_abyss_or_decor_stabs, nicolae_shop_vocational
D:2:      layout_loops_ring, basic_altar, minmay_circle_x, uniq_sigmund

Skill      XL: |  1  2  3 |
---------------+----------+-----
Ranged Weapons | 6 7 |  7.6
Fighting       | |  1.5
Dodging        | |  2.4
Stealth        | |  1.2

Action                     |  1- 3 |  4- 6 || total
---------------------------+-------+-------++-------
   Fire: Shortbow          |    72 |    32 ||   104
    Use: Scroll            |     4 |       ||     4
 Armour: Leather armour    |     4 |     1 ||     5
  Dodge: Dodged            |    36 |    12 ||    48

Table legend:
 A = Non-vault XP
 B = Vault XP
 C = Vault XP percentage of total XP
 D = Non-vault monster count
 E = Vault monster count
 F = Vault count percentage of total count
                 A         B        C        D         E       F
            +---------+---------+-------+---------+---------+-------
      Total |     106 |      14 |  11.7 |      25 |       7 |  21.9
            +---------+---------+-------+---------+---------+-------
        D:1 |      13 |       0 |   0.0 |       8 |       0 |   0.0
        D:2 |      93 |      14 |  13.1 |      17 |       7 |  29.2
            +---------+---------+-------+---------+---------+-------
